cohdb
Replays
Latest Replays
All Replays
Popular Replays
Top Player Replays
Match Explorer
How It Works
Community
CoH3 Stats
Reddit
Sign in to upload your games and track your stats! →
Sign in with Steam
Match 25252878
Unlisted
Match 25252878
Overview
Messages
Build Orders
End
Panzergrenadier Squad
Panzergrenadier Squad
Construct Light Support Kompanie
Assault Grenadier Squad
MG34 Team
Fire Support Elements
Flakvierling Half-track
Pak 38 Mechanized Group
Selects Armored Support Battlegroup
Selects Veteran Gunners
Flakvierling Half-track
Combat Half-tracks
Pak 38 Anti-tank Gun Team
MG34 Team
Construct Panzerarmee Kommand
2.5-tonne Medical Truck
Panzer III L Medium Tank
Tungsten Core Ammunition
$kaffa soldier
$kaffa Johnson
Eber
bisivan1
0
0
Comments
sign in to comment!
No comments posted yet!